 Dungeon Crawl Stone Soup version 0.28-a0-723-g095bd1b44f (webtiles) character file.

Game seed: 9744114685651072457

12415 lawman0 the Tainter (level 11, -2/75 HPs)
             Began as a Demonspawn Venom Mage on Oct 25, 2021.
             Was a Priest of Kikubaaqudgha.
             Slain by a six-headed hydra (4 damage)
             ... on level 1 of the Lair of Beasts.
             The game lasted 00:28:27 (14375 turns).

lawman0 the Tainter (Demonspawn Venom Mage)        Turns: 14375, Time: 00:28:27

Health: -2/75      AC:  5    Str: 22    XL:     11   Next: 62%
Magic:  8/23       EV: 12    Int: 23    God:    Kikubaaqudgha [***...]
Gold:   580        SH: 10    Dex: 10    Spells: 11/27 levels left

rFire   + + .      SeeInvis +   y - +7 short sword "Rail" {drain, rF+ Str+8 Int+4 Dex-5}
rCold   + . .      Faith    .   p - +0 buckler
rNeg    . . .      Spirit   .   H - +0 steam dragon scales
rPois   .          Reflect  .   (helmet unavailable)
rElec   .          Harm     .   i - scarf {rC+ rF+}
rCorr   .          Rampage  .   (no gloves)
Will    .....                   (no boots)
Stlth   ++........              (no amulet)
HPRegen 0.22/turn               h - +6 ring of strength
MPRegen 0.18/turn               G - +4 ring of slaying

@: no status effects
A: antennae 3, large bone plates 2, spiny 3
a: Renounce Religion, Receive Corpses


You were on level 1 of the Lair of Beasts.
You worshipped Kikubaaqudgha.
Kikubaaqudgha was most pleased with you.
You visited 3 branches of the dungeon, and saw 13 of its levels.

You collected 796 gold pieces.
You spent 216 gold pieces at shops.

Inventory:

Hand Weapons
 l - a +6 eveningstar
 y - the +7 short sword "Rail" (weapon) {drain, rF+ Str+8 Int+4 Dex-5}
   (You bought it in a shop on level 2 of the Dungeon)

   A truly terrible weapon, it drains the life of any living foe it strikes.
   Str:       It affects your strength (+8).
   Int:       It affects your intelligence (+4).
   Dex:       It affects your dexterity (-5).
   rF:        It protects you from fire.
 z - a +2 scimitar of flaming
Missiles
 f - 3 throwing nets
Armour
 i - a scarf of resistance (worn)
 p - a +0 buckler (worn)
 w - the +0 pair of boots of the Komodo Dragon {rF+ rC+ Will- Str+2}
   (You found it on level 4 of the Dungeon)

   Str:       It affects your strength (+2).
   rF:        It protects you from fire.
   rC:        It protects you from cold.
   Will:      It decreases your willpower.
 H - +0 steam dragon scales (worn)
Jewellery
 h - a +6 ring of strength (left hand)
 G - a +4 ring of slaying (right hand)
Wands
 r - a wand of acid (1)
 t - a wand of iceblast (25)
 F - a wand of polymorph (12)
Scrolls
 c - 2 scrolls of holy word
 d - 2 scrolls of noise {unknown}
 e - a scroll of enchant armour
 n - 2 scrolls of summoning
 u - 2 scrolls of fear {unknown}
 x - a scroll of fog
 C - 5 scrolls of teleportation
 E - a scroll of torment {unknown}
 I - a scroll of vulnerability
 J - 3 scrolls of enchant weapon {unknown}
 K - a scroll of brand weapon {unknown}
Potions
 a - 2 potions of magic {unknown}
 b - 4 potions of brilliance {unknown}
 g - 2 potions of flight {unknown}
 j - 2 potions of degeneration {unknown}
 k - 4 potions of heal wounds
 m - a potion of cancellation
 o - 7 potions of curing {unknown}
 s - a potion of ambrosia {unknown}
 v - 2 potions of resistance {unknown}
 A - 3 potions of attraction {unknown}
 B - 4 potions of mutation {unknown}
 D - 3 potions of haste
 L - a potion of berserk rage {unknown}


   Skills:
 + Level 3.3 Fighting
 + Level 3.5 Dodging
 + Level 4.0 Stealth
 + Level 4.2 Shields
 + Level 8.9 Spellcasting
 * Level 6.0 Conjurations
 * Level 6.4 Necromancy
 + Level 2.0 Transmutations
 * Level 6.0 Air Magic
 * Level 9.3 Poison Magic
 + Level 1.0 Evocations


You had 11 spell levels left.
You knew the following spells:

 Your Spells              Type           Power      Damage    Failure   Level
a - Animate Dead          Necr           19%        N/A       4%          4
c - Mephitic Cloud        Conj/Pois/Air  43%        N/A       1%          3
d - Olgreb's Toxic Radia  Pois           52%        N/A       1%          4
e - Vampiric Draining     Necr           19%        2d8       1%          3
f - Corpse Rot            Necr/Air       76%        N/A       1%          2

Your spell library contained the following spells:

 Spells                   Type           Power      Damage    Failure   Level
 Pain                     Necr           100%       1d9       1%          1
 Sting                    Tmut/Pois      100%       1d8       1%          1
 Poisonous Vapours        Pois/Air       90%        N/A       1%          2
 Sublimation of Blood     Necr           19%        N/A       1%          2
 Dispel Undead            Necr           39%        3d16      4%          4
 Stone Arrow              Conj/Erth      48%        3d10      5%          3
 Slow                     Hex            10%        N/A       10%         2
 Excruciating Wounds      Necr           19%        N/A       13%         5
 Confusing Touch          Hex            10%        N/A       19%         3
 Tukima's Dance           Hex            10%        N/A       19%         3
 Freezing Cloud           Conj/Ice/Air   14%        6-21      32%         5
 Animate Armour           Summ/Erth      20%        N/A       54%         4
 Passage of Golubria      Tloc           10%        N/A       54%         4
 Death Channel            Necr           19%        N/A       56%         6
 Yara's Violent Unravell  Hex/Tmut       7%         3d5       75%         5
 Simulacrum               Ice/Necr       12%        N/A       95%         6
 Lehudib's Crystal Spear  Conj/Erth      12%        10d4      100%        8
 Polar Vortex             Ice            5%         N/A       100%        9


Dungeon Overview and Level Annotations

Branches:
Dungeon (10/15)            Temple (1/1) D:5            Lair (2/6) D:8
    Orc (0/2) D:10
  Swamp: Lair:2-4    Shoals: Lair:2-4     Snake: Lair:2-4    Spider: Lair:2-4

Altars:
Cheibriados
Dithmenos
Elyvilon
Fedhas
Hepliaklqana
Kikubaaqudgha
Makhleb
Nemelex Xobeh
Okawaru
Qazlal
Ru
Sif Muna
Trog
Uskayaw
Vehumet
Xom
Yredelemnul
Zin
Beogh

Shops:
D:2 (   D:4 *   D:8 [   D:9 [

Portals:
Abyss: Lair:1

Annotations:
D:3 3 runed translucent doors, MisterAzrael's ghost, amateur MiFi
Lair:1 2 transporters, frimble's ghost, journeyman DsFE
Lair:2 Maggie


Innate Abilities, Weirdness & Mutations

You have a pair of large antennae on your head. (SInv)
You are mostly covered in large bone plates. (SH +6)
You are completely covered in sharp spines.


Message History

Your bullfrog zombie hits the six-headed hydra!
Your water moccasin zombie bites the six-headed hydra.
Unknown command.
Casting: Vampiric Draining (safe; 1% risk of failure)
Confirm with . or Enter, or press ? or * to list all spells.
Aiming: Vampiric Draining (safe; 1% risk of failure)
Press: ? - help, Shift-Dir - straight line, f/p - six-headed hydra
Aim: a six-headed hydra (heavily wounded, ally target)
You draw life force from the six-headed hydra!
You feel life coursing into your body.
Your bullfrog zombie hits the six-headed hydra.
The six-headed hydra bites your bullfrog zombie.
The six-headed hydra closely misses your bullfrog zombie.
The six-headed hydra barely misses your bullfrog zombie.
The six-headed hydra bites your bullfrog zombie!
Your bullfrog zombie is destroyed!
The six-headed hydra bites your water moccasin zombie!!
The six-headed hydra bites your water moccasin zombie.
Your water moccasin zombie barely misses the six-headed hydra.
Your basilisk zombie bites the six-headed hydra.
Unknown command.
Casting: Vampiric Draining (safe; 1% risk of failure)
Confirm with . or Enter, or press ? or * to list all spells.
Aiming: Vampiric Draining (safe; 1% risk of failure)
Press: ? - help, Shift-Dir - straight line, f/p - six-headed hydra
Aim: a six-headed hydra (severely wounded, ally target)
You draw life force from the six-headed hydra.
You feel life coursing into your body.
Your bullfrog zombie hits the six-headed hydra.
Your water moccasin zombie closely misses the six-headed hydra.
You block the six-headed hydra's attack.
The six-headed hydra bites you.
You block the six-headed hydra's attack.
The six-headed hydra bites you!
* * * LOW HITPOINT WARNING * * *
The six-headed hydra bites you!
* * * LOW HITPOINT WARNING * * *
The six-headed hydra bites you.
You die...
Kikubaaqudgha rasps: "You have failed me!
Welcome... death!"

.........#≈≈≈≈≈#..........(....#
≈........#≈≈≈≈≈#..............##F
.≈.≈.....#≈≈≈≈≈#..............#..
≈≈≈≈.....###'###..............##.
≈⌠.≈...........................##
.≈.....................#........#
...............................##
...............................##
................@..............##
................D........#.......
...............ZZZ...............
.Z........##.[..............#..#.
...........#........#.......#..##
Z................................
Z..##...................<........
...#.....#................#....##
....#....##>.............###..###


You could see a six-headed hydra (ally target), a friendly basilisk zombie, a
friendly water moccasin zombie and a friendly bullfrog zombie.

Vanquished Creatures
  Harold (D:9)
  Erica (D:9)
  A two-headed ogre (D:6)
  Urug (Lair:2)
  A torpor snail (Lair:2)
  A cane toad (Lair:1)
  A rime drake (Lair:1)
  2 komodo dragons (Lair:2)
  A troll (D:10)
  A hornet (D:7)
  4 blink frogs (Lair:2)
  A dream sheep (Lair:2)
  12 yaks
  A basilisk (Lair:1)
  A steam dragon (D:8)
  3 water moccasins
  A hornet zombie (D:7)
  2 sky beasts (D:5)
  8 orc warriors
  An ogre (D:3)
  A necrophage (D:6)
  5 centaurs
  A phantom (D:5)
  A kobold brigand (D:8)
  8 bullfrogs
  A gnoll sergeant (D:9)
  A water moccasin zombie (D:6)
  3 scorpions
  7 killer bees
  3 wights (D:9)
  A bullfrog skeleton (D:7)
  11 orc priests
  3 hounds (D:6)
  A centaur skeleton (D:7)
  A jelly (D:5)
  3 iguanas
  12 orc wizards
  3 killer bee zombies
  A hound zombie (D:5)
  2 hound skeletons
  A howler monkey zombie (D:6)
  5 gnolls
  8 adders
  3 shadow imps
  2 white imps
  3 ufetubi
  An adder skeleton (D:4)
  3 worms
  3 dart slugs
  42 orcs
  3 ball pythons
  7 endoplasms
  4 giant cockroaches
  6 goblins
  5 hobgoblins
  2 jackals (D:1)
  9 kobolds
  5 quokkas
  9 bats
  2 frilled lizards
  7 rats
244 creatures vanquished.

Vanquished Creatures (collateral kills)
  A hydra (Lair:2)
  A dream sheep (Lair:2)
2 creatures vanquished.

Vanquished Creatures (others)
  6 fungi
  11 plants (Lair:2)
17 creatures vanquished.

Grand Total: 263 creatures vanquished

Notes
Turn   | Place    | Note
-------+----------+-------------------------------------------
     0 | D:1      | lawman0 the Demonspawn Venom Mage began the quest for the
                  | Orb.
     0 | D:1      | Reached XP level 1. HP: 13/13 MP: 3/3
   277 | D:1      | Gained mutation: You are partially covered in sharp spines.
                  | [demonic ancestry]
   277 | D:1      | Reached XP level 2. HP: 19/19 MP: 3/5
   357 | D:1      | Reached skill level 1 in Transmutations
   360 | D:1      | Learned a level 2 spell: Poisonous Vapours
   919 | D:1      | Gained mutation: You are mostly covered in sharp spines.
                  | [demonic ancestry]
   919 | D:1      | Reached XP level 3. HP: 16/24 MP: 0/6
  2129 | D:2      | Found Xoty's Antique Weapon Shop.
  2409 | D:3      | Reached XP level 4. HP: 14/30 MP: 1/7
  2413 | D:3      | Learned a level 3 spell: Mephitic Cloud
  2541 | D:3      | Reached skill level 1 in Air Magic
  2608 | D:3      | Reached skill level 4 in Poison Magic
  3019 | D:3      | Found a runed translucent gate.
  3019 | D:3      | Noticed MisterAzrael's ghost (amateur MiFi)
  3038 | D:3      | Identified the +2 leather armour "Piwys" {Will+}
  3039 | D:3      | Found a runed translucent gate.
  3040 | D:3      | Found a runed translucent gate.
  3152 | D:3      | Reached XP level 5. HP: 34/36 MP: 7/9
  3530 | D:3      | Noticed an ogre
  3573 | D:3      | Killed an ogre
  3574 | D:3      | Reached skill level 1 in Shields
  4128 | D:3      | Gained mutation: You are completely covered in sharp
                  | spines. [demonic ancestry]
  4128 | D:3      | Reached XP level 6. HP: 42/42 MP: 7/10
  4740 | D:4      | HP: 2/42 [orc priest (8)]
  5047 | D:4      | Reached skill level 1 in Fighting
  5061 | D:4      | Found a bloodstained altar of Trog.
  5081 | D:4      | Found Yliteosch's Neck Hole.
  5102 | D:4      | Identified the +0 pair of boots of the Komodo Dragon {rF+
                  | rC+ Will- Str+2}
  5106 | D:4      | ..............?
  5511 | D:2      | Bought a brightly glowing short sword for 216 gold pieces
  5511 | D:2      | Identified the +7 short sword "Rail" {drain, rF+ Str+8
                  | Int+4 Dex-5} (You bought it in a shop on level 2 of the
                  | Dungeon)
  5644 | D:5      | Entered Level 5 of the Dungeon
  5693 | D:5      | Noticed a sky beast
  5725 | D:5      | Learned a level 4 spell: Olgreb's Toxic Radiance
  5745 | D:5      | Gained mutation: You have a pair of small antennae on your
                  | head. [demonic ancestry]
  5745 | D:5      | Reached XP level 7. HP: 46/48 MP: 7/12
  5750 | D:5      | Found a basalt altar of Yredelemnul.
  5807 | D:5      | Found a staircase to the Ecumenical Temple.
  5817 | Temple   | Entered the Ecumenical Temple
  5839 | Temple   | Became a worshipper of Kikubaaqudgha
  5857 | D:5      | Reached skill level 5 in Poison Magic
  6125 | D:5      | Reached skill level 1 in Conjurations
  6384 | D:5      | Gained mutation: You have a pair of antennae on your head.
                  | [demonic ancestry]
  6384 | D:5      | Reached XP level 8. HP: 37/54 MP: 14/14
  6824 | D:6      | Noticed a two-headed ogre
  6839 | D:6      | Reached skill level 6 in Poison Magic
  6879 | D:6      | Killed a two-headed ogre
  7172 | D:6      | Found a sacrificial altar of Ru.
  7273 | D:6      | Reached skill level 5 in Spellcasting
  7273 | D:6      | Gained mutation: You are partially covered in large bone
                  | plates. (SH +4) [demonic ancestry]
  7273 | D:6      | Reached XP level 9. HP: 61/61 MP: 11/16
  7803 | D:6      | Reached skill level 7 in Poison Magic
  8428 | D:7      | Reached * piety under Kikubaaqudgha
  8428 | D:7      | Received a gift from Kikubaaqudgha
  8433 | D:7      | Learned a level 3 spell: Vampiric Draining
  8436 | D:7      | Learned a level 2 spell: Corpse Rot
  8899 | D:7      | Reached skill level 1 in Necromancy
  9038 | D:7      | Found an iron altar of Okawaru.
  9603 | D:8      | Identified the +7 hand crossbow "Etusuuts" {venom, rN+
                  | Int+2 Dex-3}
  9883 | D:8      | Found Puewny's Armour Shop.
  9895 | D:8      | Reached skill level 8 in Poison Magic
 10184 | D:8      | Found a staircase to the Lair.
 10816 | D:9      | Reached ** piety under Kikubaaqudgha
 10817 | D:9      | Gained mutation: You have a pair of large antennae on your
                  | head. (SInv) [demonic ancestry]
 10817 | D:9      | Reached XP level 10. HP: 68/68 MP: 14/19
 11142 | D:9      | Noticed Harold
 11162 | D:9      | Killed Harold
 11332 | D:9      | Noticed Erica
 11345 | D:9      | Killed Erica
 11346 | D:9      | Reached skill level 5 in Conjurations
 11812 | D:9      | Found Tuneify's Antique Armour Shop.
 11848 | D:10     | Entered Level 10 of the Dungeon
 11877 | D:10     | Found a stormy altar of Qazlal.
 12011 | D:10     | Reached skill level 5 in Air Magic
 12791 | D:10     | Found a staircase to the Orcish Mines.
 12981 | Lair:1   | Entered Level 1 of the Lair of Beasts
 13071 | Lair:1   | Found a transporter.
 13158 | Lair:1   | Noticed a cane toad
 13168 | Lair:1   | Killed a cane toad
 13169 | Lair:1   | Reached skill level 9 in Poison Magic
 13169 | Lair:1   | Reached skill level 1 in Evocations
 13236 | Lair:1   | Noticed a six-headed hydra
 13242 | Lair:1   | Found a transporter.
 13255 | Lair:1   | Noticed a cane toad
 13256 | Lair:1   | Found a one-way gate to the infinite horrors of the Abyss.
 13256 | Lair:1   | Noticed frimble's ghost (journeyman DsFE)
 13268 | Lair:1   | Noticed a white ugly thing
 13269 | Lair:1   | Noticed a tentacled starspawn
 13270 | Lair:1   | Noticed a worldbinder
 13270 | Lair:1   | Noticed a red ugly thing
 13272 | Lair:1   | Noticed a spriggan rider
 13301 | Lair:1   | Noticed an orb spider
 13429 | Lair:1   | Noticed a cane toad
 13441 | Lair:1   | Reached *** piety under Kikubaaqudgha
 13441 | Lair:1   | Received a gift from Kikubaaqudgha
 13447 | Lair:1   | Learned a level 4 spell: Animate Dead
 13457 | Lair:1   | Gained mutation: You are mostly covered in large bone
                  | plates. (SH +6) [demonic ancestry]
 13457 | Lair:1   | Reached XP level 11. HP: 47/74 MP: 9/22
 13493 | Lair:1   | You fall into a shaft and drop 1 floor!
 13629 | Lair:2   | Reached skill level 5 in Necromancy
 13670 | Lair:2   | Noticed Maggie
 13686 | Lair:2   | Noticed a seven-headed hydra
 13701 | Lair:2   | Killed a seven-headed hydra
 13972 | Lair:2   | Noticed Urug
 13986 | Lair:2   | Killed Urug
 14290 | Lair:2   | Found a shimmering altar of Xom.
 14337 | Lair:1   | Noticed a six-headed hydra
 14375 | Lair:1   | HP: 2/75 [six-headed hydra (11)]
 14375 | Lair:1   | Slain by a six-headed hydra

Illustrated notes

#. #.# ##.....# #. #.#
#.....# #. #$# ####.##
#.## #)# ####..# #..#
#.## .......
#.###..##### ###....
#...#...#..# ###..
#....###...###### #####
#.....@.........###....
#....###....###.......#
#...#...#..## #####...#
####..###### #...# ..##
#...# ### #.... #####


Turn 5106 on D:4: ..............?

Levels and vault maps discovered:
D:1:      pf_arrival_petrified_forest, layout_loops_ring, nrook_campfire,
          chequers_serial_rivers_micro_e, minmay_misc_feat_square,
          minmay_misc_feat_four_crosses, amcnicky_mini_corridor_feature
D:2:      layout_loops_ring, serial_shops, nicolae_shop_window_shopping,
          chequers_serial_rivers_micro_b
D:3:      minmay_recursive_quarters, layout_loops_corners,
          mainiacjoe_overflow_brackets, biasface_ghost_orc_armoury,
          kennysheep_generic_room_5
D:4:      layout_rooms, mainiacjoe_overflow_alcove_1,
          nicolae_shop_sticking_my_neck_out
D:5:      layout_basic, mainiacjoe_overflow_small_starburst,
          minmay_temple_entry_mini_moons
D:6:      layout_gridville, kennysheep_mini, minmay_circle_x
D:7:      layout_gridville, okawaru_gym_becter, st_stairs_6
D:8:      layout_layer_cave, lair_entry_dummy, serial_shops,
          nicolae_stop_n_shop_2, minmay_misc_feat_tiny
D:9:      layout_long_grid, nicolae_take_the_stairs, uniq_harold, uniq_erica
D:10:     layout_roguey, grunt_qazlal_clouds, david_orc_4,
          minmay_misc_feat_rugged
Temple:   nicolae_temple_elliptical
Lair:1:   cheibrodos_lair_river_kwai, layout_cave_shapes,
          gammafunk_ghost_abyssal_escape, ldierk_geyser,
          chequers_serial_rivers_room_b
Lair:2:   layout_roguey, lemuel_centaur_altar, uniq_urug, uniq_maggie

Skill      XL: |  1  2  3  4  5  6  7  8  9 10 11 |
---------------+----------------------------------+-----
Transmutations | 1 2 |  2.0
Stealth        | 2 3 4 |  4.0
Dodging        | 2 3 |  3.5
Air Magic      | 1 2 3 4 5 6 |  6.0
Poison Magic   | 4 5 6 8 9 |  9.3
Shields        | 1 2 3 4 |  4.2
Spellcasting   | 3 4 5 6 7 8 |  8.9
Fighting       | 1 2 3 |  3.3
Conjurations   | 1 3 4 5 6 |  6.0
Necromancy     | 2 4 6 |  6.4
Evocations     | 1 |  1.0

Action                   |  1- 3 |  4- 6 |  7- 9 | 10-12 || total
-------------------------+-------+-------+-------+-------++-------
Melee: Unarmed           |     3 |       |       |       ||     3
       Mace              |    20 |       |       |       ||    20
       Short sword       |     6 |    68 |   113 |    75 ||   262
 Cast: Sting             |    24 |    15 |     2 |       ||    41
       Poisonous Vapours |    20 |    32 |    18 |     1 ||    71
       Olgreb's Toxic Ra |       |       |    25 |    28 ||    53
       Mephitic Cloud    |       |       |     2 |     2 ||     4
       Corpse Rot        |       |       |     3 |       ||     3
       Vampiric Draining |       |       |       |    26 ||    26
       Animate Dead      |       |       |       |    12 ||    12
Invok: Receive Corpses   |       |       |       |     5 ||     5
Evoke: Wand              |       |       |     2 |    15 ||    17
  Use: Potion            |       |     1 |       |     1 ||     2
       Scroll            |       |       |     8 |     6 ||    14
 Stab: Sleeping          |     1 |     1 |     1 |     2 ||     5
       Distracted        |       |       |       |     1 ||     1
       Confused          |       |       |       |     1 ||     1
Armor: Robe              |     7 |    15 |    25 |       ||    47
       Steam dragon scal |       |       |     5 |     6 ||    11
Dodge: Dodged            |    16 |    36 |    60 |    46 ||   158
Block: Buckler           |       |    10 |    37 |    38 ||    85

Table legend: (Time is in decaauts)
 A = Elapsed time spent in this place.
 B = Non-inter-level travel time spent in this place.
 C = Inter-level travel time spent in this place.
 D = Time resting spent in this place.
 E = Time spent auto-exploring this place.
 F = Levels seen in this place.
 G = Mean time per level.
                   A        B        C        D        E       F      G
               +--------+--------+--------+--------+--------+-----+--------+
         Total |  14444 |  13747 |    697 |   1450 |   9799 |  13 | 1111.1 |
       Dungeon |  12998 |  12375 |    623 |   1060 |   9411 |  10 | 1299.8 |
        Temple |     37 |     24 |     13 |      0 |      0 |   1 |   37.0 |
          Lair |   1408 |   1347 |     61 |    390 |    388 |   2 |  704.0 |
               +--------+--------+--------+--------+--------+-----+--------+

Top non-repeatable levels by time:
     D:3: 2211 daAuts
     D:8: 1450 daAuts
     D:1: 1346 daAuts
     D:7: 1260 daAuts
     D:9: 1218 daAuts
     D:6: 1169 daAuts
     D:4: 1147 daAuts
     D:5: 1107 daAuts
    D:10: 1087 daAuts
     D:2: 999 daAuts
  Lair:2: 875 daAuts
  Lair:1: 533 daAuts
  Temple: 37 daAuts
